Map: Acropolis LE

Players

Venom - Winner!

  • Race: Terran Terran
  • Spawn Location: 5:00

Mez

  • Race: Terran Terran
  • League: Master
  • Spawn Location: 11:00

VOD

Have the link to the VOD?

Description

Time

  • Played on: Aug. 21, 2019, 2:05 p.m.
  • Length: 21:19
Show
View Real Time Build Order
Export as new Build Order

Venom Terran - Winner!

Build Orders: Cyclone Opening, Mech 

Get SALT Encoding   

  12  0:00  SCV  
  13  0:13  SCV  
  14  0:17  Supply Depot  
  14  0:25  SCV  
  15  0:29  Refinery  
  15  0:39  SCV  
  16  0:45  Barracks  
  16  0:51  SCV  
  16  0:55  Refinery  
  17  1:03  SCV  
  18  1:15  SCV  
  19  1:31  Orbital Command  
  19  1:32  Reaper  
  20  1:35  Factory  
  20  1:46  Supply Depot  
  20  1:57  SCV  
  21  2:05  Barracks Tech Lab  
  21  2:09  SCV  
  22  2:21  SCV  
  23  2:31  Cyclone  
  23  2:33  Command Center  
  23  2:34  Barracks Reactor  
  23  2:36  SCV  
  27  2:48  SCV, Supply Depot  
  28  2:56  Starport  
  28  3:00  SCV  
  29  3:11  Cyclone  
  29  3:12  Marine x2  
  34  3:13  SCV  
  35  3:25  SCV  
  36  3:32  Marine x2  
  38  3:37  SCV  
  39  3:44  Medivac  
  41  3:51  Marine, Siege Tank  
  41  3:52  Marine  
  41  3:53  SCV  
  47  4:01  Orbital Command  
  47  4:05  SCV  
  48  4:13  Marine x2  
  48  4:15  Supply Depot  
  50  4:17  SCV  
  50  4:19  Starport Tech Lab  
  50  4:23  Siege Tank  
  54  4:24  Refinery  
  54  4:37  SCV x2  
  54  4:38  Supply Depot  
  56  4:44  Marine  
  56  4:45  Marine  
  57  4:49  SCV x2  
  57  4:52  Raven  
  61  4:57  Supply Depot, Refinery  
  58  5:01  SCV x2  
  60  5:08  Marine x2  
  60  5:13  Command Center, SCV  
  54  5:37  Marine x2  
  54  5:40  SCV  
  54  5:42  Siege Tank, SCV  
  61  5:46  Factory  
  61  5:48  Starport Reactor  
  61  5:52  SCV  
  61  5:54  SCV  
  63  5:57  Engineering Bay  
  63  5:58  Supply Depot  
  63  5:59  Supply Depot  
  63  6:04  SCV  
  63  6:05  Marine x2  
  63  6:08  SCV  
  63  6:10  Supply Depot  
  67  6:14  Siege Tank  
  67  6:17  SCV  
  68  6:21  SCV  
  69  6:25  Orbital Command  
  69  6:26  Supply Depot  
  69  6:28  Viking  
  69  6:29  Viking  
  73  6:33  Missile Turret  
  73  6:41  Siege Tank  
  73  6:45  Marine x2  
  73  6:46  Siege Tank  
  81  6:47  SCV x2  
  81  6:48  Factory  
  81  6:52  SCV  
  84  6:54  Missile Turret  
  84  6:58  Supply Depot  
  84  6:59  SCV x2, Missile Turret  
  84  7:00  Orbital Command  
  86  7:03  Viking  
  88  7:15  Missile Turret  
  88  7:16  Siege Tank  
  88  7:18  SCV  
  88  7:20  Infernal Pre-Igniter  
  88  7:22  SCV, Factory  
  93  7:28  SCV  
  93  7:30  SCV  
  93  7:35  SCV  
  95  7:40  SCV  
  95  7:42  SCV  
  97  7:45  Factory Tech Lab, Viking x2  
  97  7:47  SCV  
  102  7:52  Armory x2  
  102  7:53  SCV, Refinery  
  102  7:55  SCV  
  104  7:59  SCV  
  104  8:05  SCV  
  105  8:07  SCV, Refinery  
  105  8:11  Siege Tank, SCV, Hellion x2  
  110  8:22  Siege Tank, Viking x2  
  110  8:23  Hellion  
  110  8:25  SCV  
  120  8:29  SCV  
  120  8:30  Supply Depot  
  120  8:32  Supply Depot  
  120  8:33  Hellion  
  123  8:39  Missile Turret  
  123  8:45  Siege Tank  
  123  8:46  SCV  
  123  8:47  Terran Vehicle And Ship Armor Level 1, Terran Vehicle Weapons Level 1  
  125  8:56  SCV, Supply Depot  
  125  8:57  Supply Depot, Viking x2  
  125  8:58  Supply Depot, Hellion x3  
  125  8:59  SCV  
  125  9:00  SCV  
  135  9:08  SCV  
  135  9:09  Supply Depot  
  136  9:11  SCV  
  136  9:12  Siege Tank, SCV  
  141  9:20  SCV  
  128  9:39  Siege Tank x2  
  128  9:40  SCV, Viking x2  
  128  9:41  SCV x2  
  128  9:44  Siege Tank  
  139  9:53  SCV x3  
  139  9:57  Hellion x2  
  146  10:05  SCV x3  
  146  10:06  Command Center  
  149  10:08  Missile Turret  
  149  10:09  Missile Turret  
  149  10:11  Siege Tank x2  
  149  10:13  Viking x2  
  159  10:17  SCV x3, Hellion  
  159  10:18  Engineering Bay  
  164  10:26  Hellion x2  
  168  10:29  SCV  
  164  10:38  Siege Tank  
  165  10:43  Siege Tank x2  
  165  10:47  Hellion x2  
  164  10:53  SCV x2  
  164  10:54  SCV  
  160  11:03  Factory  
  160  11:04  Factory, Supply Depot  
  160  11:05  SCV  
  161  11:20  Siege Tank x2  
  161  11:21  Hellion x3, Viking x2  
  161  11:25  Refinery  
  177  11:26  Refinery  
  166  11:37  SCV  
  164  11:40  SCV  
  164  11:42  Hellion x3  
  164  11:46  Sensor Tower  
  164  11:47  SCV  
  171  11:48  Terran Vehicle Weapons Level 2  
  171  11:49  Supply Depot, Terran Vehicle And Ship Armor Level 2, Sensor Tower  
  171  11:50  Supply Depot  
  171  11:52  Hellion x2  
  171  11:53  Factory Reactor  
  177  11:55  Factory Tech Lab  
  177  11:59  SCV x2  
  177  12:00  Planetary Fortress  
  177  12:03  Hellion  
  177  12:04  Hellion x2  
  177  12:07  SCV  
  184  12:13  Siege Tank x2  
  184  12:14  Siege Tank  
  185  12:25  Siege Tank, Hellion x2  
  174  12:31  SCV x2  
  176  12:38  Missile Turret  
  176  12:40  SCV  
  176  12:41  Hellion x2  
  176  12:42  Viking x2  
  185  12:46  Hellion x4  
  185  12:47  Hellion  
  185  12:48  SCV x2  
  197  12:57  Siege Tank  
  189  13:03  Hellion x2  
  181  13:07  Siege Tank, Hellion  
  181  13:08  Siege Tank, Hellion x2  
  193  13:13  SCV x2  
  195  13:24  Hellion  
  197  13:28  Siege Tank  
  197  13:30  Siege Tank  
  188  13:39  Siege Tank  
  188  13:40  Siege Tank  
  192  13:50  SCV x2  
  194  14:00  Siege Tank  
  194  14:02  Siege Tank  
  192  14:03  Viking  
  192  14:05  Widow Mine  
  192  14:07  SCV  
  182  14:11  Siege Tank  
  182  14:12  Siege Tank  
  182  14:16  Viking  
  177  14:18  SCV  
  167  14:32  Command Center  
  167  14:33  Siege Tank, Viking  
  167  14:34  Siege Tank, Command Center  
  167  14:38  Starport  
  175  14:43  Siege Tank  
  175  14:44  Siege Tank  
  181  14:46  Hellion x4  
  181  14:51  Terran Vehicle And Ship Armor Level 3, Terran Vehicle Weapons Level 3  
  181  15:05  Siege Tank  
  181  15:06  Siege Tank  
  177  15:07  Viking x2  
  177  15:08  SCV  
  176  15:15  Siege Tank, Viking  
  176  15:16  Siege Tank  
  184  15:37  Viking  
  181  15:44  Siege Tank x2  
  181  15:45  Hellion x2, Viking x2  
  181  15:47  Siege Tank  
  179  15:56  Orbital Command  
  167  16:07  Viking  
  167  16:08  SCV  
  165  16:15  Viking x2  
  171  16:20  SCV  
  171  16:24  SCV  
  165  16:27  Thor x2  
  165  16:31  SCV  
  170  16:37  Viking, Missile Turret  
  170  16:39  Missile Turret  
  169  16:48  Viking x2  
  171  16:54  Hellion x2  
  169  17:05  Siege Tank x2  
  175  17:10  Siege Tank  
  178  17:18  Hellion, Refinery  
  178  17:20  Viking  
  178  17:22  Refinery  
  182  17:25  Starport Reactor  
  182  17:36  Siege Tank  
  184  17:37  Siege Tank, Hellion x2  
  184  17:39  Hellion  
  184  17:43  Planetary Fortress  
  191  17:57  Viking x2  
  195  18:00  SCV  
  193  18:06  Siege Tank x2  
  199  18:38  Terran Ship Weapons Level 1  
  199  18:46  Command Center  
  199  18:47  Hellion  
  197  18:57  Siege Tank  
  192  19:20  Command Center  
  192  19:22  Missile Turret  
  192  19:23  Missile Turret  
  192  19:24  Command Center, Siege Tank x2, Missile Turret  
  192  19:26  Command Center  
  192  19:27  Siege Tank  
  200  19:36  Siege Tank  
  186  19:48  Viking x4  
  186  19:50  Hellion x3  
  173  19:56  Siege Tank x2  
  169  20:08  Siege Tank  
  169  20:12  Planetary Fortress  
  169  20:13  SCV x3  
  169  20:14  SCV x2  
  177  20:18  Viking x2  
  172  20:28  Siege Tank x2  
  172  20:29  Hellion x3  
  172  20:30  Hellion x2  
  185  20:41  Hellion  
  187  20:51  Hellion x3  
Show
View Real Time Build Order
Export as new Build Order

Mez Terran 

Build Orders: Reaper Expand 

Get SALT Encoding   

  12  0:00  SCV  
  13  0:13  SCV  
  14  0:17  Supply Depot  
  14  0:25  SCV  
  15  0:38  SCV  
  15  0:40  Barracks  
  16  0:45  Refinery  
  16  0:50  SCV  
  17  1:03  SCV  
  18  1:16  SCV  
  19  1:28  Reaper  
  19  1:29  Orbital Command  
  20  1:40  Command Center  
  20  1:47  Bunker  
  20  1:57  Supply Depot  
  20  1:59  SCV  
  20  2:00  Marine  
  22  2:11  SCV  
  23  2:19  Barracks Reactor  
  23  2:23  SCV  
  24  2:35  SCV  
  25  2:39  Command Center  
  25  2:44  Factory  
  25  2:50  SCV  
  26  2:54  Refinery  
  26  2:58  Orbital Command  
  26  3:03  Marine x2  
  28  3:09  SCV  
  29  3:21  SCV  
  29  3:22  Marine x2  
  29  3:25  SCV  
  33  3:29  Widow Mine  
  33  3:30  Starport  
  33  3:33  SCV  
  36  3:37  SCV  
  36  3:40  Marine  
  36  3:41  Marine  
  39  3:47  SCV  
  40  3:51  SCV  
  40  3:52  Orbital Command  
  40  3:53  Factory Tech Lab  
  41  3:56  Refinery  
  41  3:59  SCV  
  41  4:01  Marine x2  
  44  4:03  SCV  
  44  4:08  Starport Tech Lab  
  45  4:11  SCV  
  45  4:12  Supply Depot  
  45  4:14  Siege Tank  
  45  4:15  SCV  
  50  4:18  SCV  
  50  4:20  Marine  
  50  4:24  SCV  
  53  4:26  Marine  
  53  4:27  SCV  
  53  4:30  SCV  
  59  4:35  Raven  
  59  4:36  SCV  
  59  4:38  Supply Depot  
  59  4:39  SCV  
  59  4:44  Barracks  
  60  4:46  Siege Tank  
  60  4:47  Marine x2  
  63  4:54  Barracks  
  63  4:56  SCV x2  
  63  4:57  Refinery  
  65  5:00  Supply Depot  
  65  5:05  SCV  
  66  5:08  Engineering Bay  
  66  5:10  Engineering Bay  
  56  5:39  SCV x2  
  58  5:43  SCV  
  58  5:44  Starport Reactor  
  58  5:45  Stimpack  
  59  5:51  SCV, Supply Depot  
  59  5:52  Combat Shield  
  59  5:53  Marine x3  
  59  5:55  Factory Tech Lab  
  63  5:58  SCV x2  
  63  6:00  Barracks x2  
  63  6:03  SCV  
  66  6:10  SCV  
  68  6:11  Marine x2  
  68  6:12  Marine x2  
  68  6:17  Siege Tank  
  74  6:25  Terran Infantry Weapons Level 1  
  74  6:26  Terran Infantry Armor Level 1  
  74  6:27  Medivac  
  74  6:29  Marine, Orbital Command  
  74  6:30  Marine x3  
  74  6:31  SCV x2  
  82  6:36  Supply Depot  
  82  6:39  Supply Depot  
  82  6:41  Medivac  
  82  6:43  SCV  
  85  6:47  Marine  
  85  6:49  SCV  
  85  6:50  Siege Tank  
  90  6:54  Barracks Reactor  
  90  6:55  SCV  
  91  7:03  Supply Depot  
  91  7:04  SCV x2  
  91  7:05  Supply Depot  
  91  7:07  SCV  
  94  7:15  Marine x2, Marauder x2  
  99  7:16  SCV  
  99  7:17  Barracks Reactor  
  99  7:18  Medivac  
  99  7:19  SCV x2  
  105  7:23  Refinery  
  105  7:27  Refinery  
  105  7:28  SCV  
  106  7:30  Siege Tank  
  106  7:31  SCV x2  
  106  7:33  Marine x2  
  106  7:36  Marine x4  
  117  7:40  SCV, Supply Depot  
  117  7:41  Supply Depot  
  117  7:43  SCV x2  
  118  7:44  Armory  
  118  7:51  Marine x2  
  118  7:52  SCV  
  118  7:55  SCV  
  118  7:58  SCV  
  123  8:05  SCV  
  122  8:08  Marine x4  
  122  8:09  Marine x4  
  122  8:10  Siege Tank  
  122  8:11  Medivac x2  
  137  8:14  Factory  
  137  8:21  SCV x2  
  137  8:26  Marine x2, Supply Depot  
  141  8:28  Supply Depot  
  141  8:29  Marine x2  
  141  8:30  Supply Depot  
  141  8:33  Marine  
  141  8:34  Marine x3  
  147  8:44  Marine x2  
  147  8:47  Marine x2  
  151  8:51  Marine  
  151  8:54  Marine x3  
  151  8:55  Siege Tank  
  158  8:56  Medivac x2  
  158  9:01  Marine  
  158  9:02  Marine, Factory Tech Lab  
  164  9:03  Supply Depot, Terran Infantry Weapons Level 2  
  164  9:04  Supply Depot  
  164  9:05  Marine x2  
  164  9:06  Supply Depot  
  164  9:09  Marine  
  167  9:12  Marine, Supply Depot  
  134  9:39  Marine  
  134  9:40  Marine x7  
  134  9:41  Siege Tank x2  
  108  9:56  Medivac x2  
  108  9:57  Marine  
  108  9:58  Marine x5, Marauder x2  
  119  10:00  Command Center  
  119  10:03  Barracks  
  119  10:04  Barracks  
  119  10:05  Barracks  
  119  10:13  Siege Tank  
  122  10:17  Siege Tank, Starport  
  122  10:18  Starport  
  129  10:21  Marauder x2  
  126  10:42  Marine, Marauder  
  110  10:43  Marauder  
  110  10:44  Viking  
  110  10:45  Siege Tank  
  110  10:49  Siege Tank  
  117  10:52  Marine  
  117  10:53  Marine x2  
  117  10:56  Starport Reactor  
  108  10:58  Starport Tech Lab  
  112  11:04  Marauder x2  
  112  11:05  Viking  
  114  11:14  Viking  
  116  11:18  Barracks Tech Lab x3  
  116  11:19  Marine  
  116  11:20  Marine x5  
  116  11:22  Siege Tank  
  116  11:25  Marine, Marauder  
  122  11:38  Marine x3, Marauder x3  
  122  11:39  Viking  
  115  11:42  Viking  
  115  11:43  Marauder  
  119  11:51  Planetary Fortress  
  119  11:53  SCV  
  120  12:02  Marauder  
  120  12:03  Marauder x2, Viking x2  
  120  12:07  Siege Tank  
  133  12:10  Siege Tank  
  109  12:30  Marauder x2  
  109  12:31  Marauder x2, Viking x3  
  109  12:33  Viking  
  109  12:35  Marauder  
  127  12:45  Terran Infantry Weapons Level 3  
  127  12:46  Terran Infantry Armor Level 2  
  127  12:48  Command Center  
  127  12:52  Marauder x2  
  127  12:57  Liberator  
  111  13:06  Marine x4, Marauder x3  
  111  13:07  Viking x4  
  131  13:19  Fusion Core  
  132  13:20  Liberator  
  130  13:29  Marine x2, Marauder x4  
  130  13:30  Marine x5  
  145  13:44  Viking x2  
  145  13:47  Marine  
  147  13:49  Viking  
  147  13:57  Viking  
  143  14:04  Liberator  
  143  14:05  Liberator  
  143  14:07  Marine  
  143  14:08  Marine x3, Marauder x3  
  124  14:10  Marine  
  112  14:22  Viking  
  115  14:28  Planetary Fortress  
  115  14:43  Concussive Shells  
  115  14:49  Marine x2, Marauder  
  115  14:50  Marine x2, Marauder  
  101  15:03  Marauder x2  
  103  15:13  SCV x3  
  104  15:25  SCV x3  
  107  15:37  SCV x3  
  110  15:46  Viking x3  
  110  15:48  Viking  
  110  15:49  SCV x2  
  114  15:50  Marauder x3  
  114  15:51  Siege Tank  
  115  16:16  Viking  
  115  16:21  Marine, Marauder x3, Viking  
  115  16:22  Marine x5  
  129  16:37  Marauder x2  
  129  16:39  Marine x3  
  134  16:40  Marine x2  
  134  16:42  Marauder  
  107  16:56  Marine, Marauder x2  
  107  16:57  Marine  
  107  16:58  Marine x4, Marauder x2  
  107  17:01  Refinery  
  109  17:02  Refinery  
  109  17:03  Marine  
  109  17:06  Orbital Command  
  110  17:13  Marine  
  110  17:15  Marine  
  112  17:16  Marine x4  
  112  17:17  Marine  
  112  17:18  Viking  
  108  17:37  Viking x2  
  108  17:38  Marine x11  
  108  17:43  Refinery  
  123  17:44  Refinery  
  120  17:55  Marine  
  120  17:56  Marine x3  
  118  18:09  Viking x3  
  118  18:10  Marine x3, Marauder x2  
  118  18:11  Marine, Marauder  
  133  18:13  Marine  
  133  18:14  Marine  
  135  18:23  Starport Reactor  
  135  18:25  Marine x2  
  135  18:28  Marine  
  135  18:29  Marauder  
  132  18:38  SCV x4  
  122  18:46  Marine x4, Marauder x3  
  122  18:47  Marine x3  
  131  18:50  SCV x4  
  131  18:58  Viking x2  
  131  19:02  SCV  
  133  19:06  SCV x2  
  133  19:07  SCV  
  113  19:46  Viking x3  
  113  19:47  Viking  
  113  19:48  Marine x5, Liberator  
  113  19:49  Marauder x2  
  109  20:01  Marine, Marauder x3  
  109  20:06  Marine  
  110  20:08  Orbital Command  
  109  20:26  Marine x3, Marauder x4  
  121  20:42  SCV  
Tags
 
Add a new tag
Caveats
  • Supply blocks, unpowered buildings, or Contaminate may cause inaccurate times.
  • Supply counts are checked every 10 seconds.